 Dungeon Crawl Stone Soup version 0.18.1-48-g4cf74bf (webtiles) character file.

442 MovingMist the Agent of Entropy (level 6, -2/53 HPs)
             Began as a Demonspawn Abyssal Knight on Aug 20, 2016.
             Was a Priest of Lugonu.
             Slain by a gnoll sergeant
             ... wielding a +1 spear of venom
              (7 damage)
             ... on level 3 of the Dungeon.
             The game lasted 00:07:51 (2238 turns).

MovingMist the Agent of Entropy (DsAK)              Turns: 2238, Time: 00:07:53

Health: -2/53      AC:  4    Str: 18    XL:     6   Next: 71%
Magic:  9/9        EV: 13    Int: 14    God:    Lugonu [***...]
Gold:   97         SH:  0    Dex: 11    Spells: 0 memorised, 5 levels left

rFire  . . .     SeeInvis .     o - +0 whip (elec)
rCold  . . .     Gourm    .     b - +0 leather armour
rNeg   + . .     Faith    .     (no shield)
rPois  +         Spirit   .     (helmet restricted)
rElec  .         Dismiss  .     (no cloak)
rCorr  .         Reflect  .     d - +0 pair of gloves
SustAt .         Harm     .     (no boots)
MR     .....                    (no amulet)
Stlth  ++........               e - ring of positive energy
                                l - ring of stealth

@: mighty, lethally poisoned (-2 -> -8), not resistant to hostile enchantments,
unstealthy
A: horns 1, clumsy 1, foul stench 1, poison resistance, robust 1, spiny 1, rot
immunity
a: Depart the Abyss, Bend Space, Banish, Renounce Religion


You were on level 3 of the Dungeon.
You worshipped Lugonu.
Lugonu was most pleased with you.
You were hungry.

You visited 1 branch of the dungeon, and saw 3 of its levels.
You visited the Abyss 1 time.

You collected 97 gold pieces.

Inventory:

Hand Weapons
 a - a +1 falchion
 m - a +2 short sword of venom
 o - a +0 whip of electrocution (weapon)
Armour
 b - a +0 leather armour (worn)
 d - a +0 pair of gloves (worn)
Jewellery
 e - a ring of positive energy (right hand)
 l - a ring of stealth (left hand)
 q - an uncursed ring of flight
Scrolls
 g - a scroll of magic mapping
 i - a scroll of recharging
 n - a scroll of remove curse
Potions
 j - a potion of agility
 k - a potion of resistance
Comestibles
 c - 2 bread rations
 h - 4 fruits


   Skills:
 + Level 4.4 Fighting
 + Level 2.1(2.6) Short Blades
 - Level 2.0(2.5) Long Blades
 - Level 2.0 Armour
 * Level 3.9 Dodging
 + Level 4.5 Invocations


You had 5 spell levels left.
You didn't know any spells.

Dungeon Overview and Level Annotations

Branches:
Dungeon (3/15)

Altars:
Kikubaaqudgha
Pakellas
Yredelemnul


Innate Abilities, Weirdness & Mutations

You have a pair of small horns on your head.
You may emit foul miasma when damaged in melee.
You are partially covered in sharp spines.
You are immune to rotting.
You are clumsy. (Dex -2)
Your system is resistant to poisons.
You are robust (+10% HP).


Message History

You are too injured to fight recklessly!
You are too injured to fight recklessly!
You are too injured to fight recklessly!
You are too injured to fight recklessly!
You are too injured to fight recklessly!
You are too injured to fight recklessly!
You are too injured to fight recklessly!
You closely miss the gnoll sergeant.
The gnoll sergeant is lightly wounded.
* * * LOW HITPOINT WARNING * * *
You feel sick. The gnoll hits you with a spear.
* * * LOW HITPOINT WARNING * * *
The gnoll looks sick.
The gnoll sergeant closely misses you.
You closely miss the gnoll sergeant.
The gnoll sergeant is lightly wounded.
* * * LOW HITPOINT WARNING * * *
You feel sick. The gnoll is struck by your spines. The gnoll barely misses you.
The gnoll sergeant is struck by your spines.
The gnoll sergeant hits you with a spear of venom!
You die...

###)#...........#....#.......
#.)...........'.).)).......
#)#..........)#....#.......
#.#########################
#......#.+........
#.....)#$#..:.....
#.###'##.#ggg.....
#.#....#(#ggg.....
#.#....###@######
###'#....'))).....#
#.))############### #)..#
##### ≈≈≈≈ ≈≈h≈≈≈≈ ..........
...........


You could see a gnoll sergeant and 5 gnolls.

Vanquished Creatures
  5 gnoll shamans (D:3)
  21 gnolls (D:3)
  2 adders
  3 worms
  2 dart slugs (D:1)
  4 giant cockroaches
  6 hobgoblins (D:1)
  7 jackals
  7 bats
  2 giant newts (D:1)
  9 goblins
  4 kobolds
  8 rats
  A spectral orc (D:2)
81 creatures vanquished.

Notes
Turn   | Place    | Note
--------------------------------------------------------------
     0 | Abyss:1  | MovingMist the Demonspawn Abyssal Knight began the quest for the Orb.
     0 | Abyss:1  | Reached XP level 1. HP: 18/18 MP: 2/2
    26 | Abyss:1  | Found a corrupted altar of Lugonu.
    29 | Abyss:1  | Found a corrupted altar of Lugonu.
    88 | Abyss:1  | Noticed a tentacled starspawn
    89 | D:1      | Escaped the Abyss
   115 | D:1      | Reached * piety under Lugonu
   141 | D:1      | Gained mutation: You are partially covered in sharp spines. [demonic ancestry]
   141 | D:1      | Reached XP level 2. HP: 16/24 MP: 3/3
   184 | D:1      | Reached skill level 1 in Dodging
   366 | D:1      | Gained mutation: You are clumsy. (Dex -2) [potion of mutation]
   366 | D:1      | Gained mutation: Your system is resistant to poisons. [potion of mutation]
   366 | D:1      | Gained mutation: You are robust (+10% HP). [potion of mutation]
   391 | D:1      | Gained mutation: You have a pair of small horns on your head. [demonic ancestry]
   391 | D:1      | Reached XP level 3. HP: 29/31 MP: 3/5
   538 | D:1      | Reached ** piety under Lugonu
   844 | D:2      | Found an ancient bone altar of Kikubaaqudgha.
   956 | D:2      | Gained mutation: You are immune to rotting. [demonic ancestry]
   956 | D:2      | Reached XP level 4. HP: 39/40 MP: 6/6
  1000 | D:2      | Found an oddly glowing altar of Pakellas.
  1158 | D:2      | Found a basalt altar of Yredelemnul.
  1603 | D:3      | Gained mutation: You may emit foul miasma when damaged in melee. [demonic ancestry]
  1603 | D:3      | Reached XP level 5. HP: 22/46 MP: 7/7
  1611 | D:3      | Reached skill level 1 in Short Blades
  1937 | D:3      | Reached XP level 6. HP: 32/52 MP: 9/9
  2214 | D:3      | Reached *** piety under Lugonu
  2238 | D:3      | Slain by a gnoll sergeant

Skill      XL: |  1  2  3  4  5  6 |
---------------+-------------------+-----
Long Blades    | 2 |  2.0
Dodging        | 1 2 3 |  3.9
Armour         | 2 |  2.0
Invocations    | 3 4 |  4.5
Fighting       | 4 |  4.4
Short Blades   | 1 2 |  2.1

Action                   |  1- 3 |  4- 6 || total
-------------------------+-------+-------++-------
Melee: Falchion          |    27 |       ||    27
       Short sword       |    33 |    45 ||    78
       Headbutt          |     3 |    14 ||    17
       Whip              |       |    43 ||    43
Invok: Depart the Abyss  |     1 |       ||     1
  Use: Scroll            |     7 |     2 ||     9
       Potion            |     1 |     1 ||     2
 Stab: Sleeping          |     5 |     2 ||     7
  Eat: Chunk             |       |     4 ||     4
Armor: Leather armour    |    11 |    13 ||    24
Dodge: Dodged            |    25 |    50 ||    75
